 Dungeon Crawl Stone Soup version 0.26-a0-451-gacbe401039 (webtiles) character file.

Game seed: 6337942835208896256

42 MrRokkomies the Conjurer (level 3, 0/19 HPs)
             Began as a Deep Elf Conjurer on July 28, 2020.
             Engulfed by a cloud of flame (19 damage)
             ... on level 2 of the Dungeon.
             The game lasted 00:05:02 (1799 turns).

MrRokkomies the Conjurer (Deep Elf Conjurer)        Turns: 1799, Time: 00:05:03

Health: 0/19       AC:  2    Str:  5    XL:     3   Next: 35%
Magic:  9/9        EV: 12    Int: 22    God:
Gold:   104        SH:  3    Dex: 13    Spells: 5/8 levels left

rFire    . . .     SeeInvis .   a - +3 dagger (speed)
rCold    . . .     Faith    .   f - +0 buckler (curse)
rNeg     . . .     Spirit   .   g - +0 robe
rPois    .         Reflect  .   (no helmet)
rElec    .         Harm     .   (no cloak)
rCorr    .                      (no gloves)
MR       .....                  (no boots)
Stlth    ++........             (no amulet)
HPRegen  0.06/turn              (no ring)
MPRegen  0.11/turn              (no ring)

@: no status effects
A: no striking features
a: no special abilities


You were on level 2 of the Dungeon.
You visited 1 branch of the dungeon, and saw 2 of its levels.

You collected 104 gold pieces.

Inventory:

Hand Weapons
 a - a +3 dagger of speed (weapon)
 e - a +0 dagger
Missiles
 i - 2 silver javelins (quivered)
Armour
 f - a cursed +0 buckler (worn)
 g - a +0 robe (worn)
Scrolls
 b - 2 scrolls of identify
 m - a scroll of fog
 n - a scroll of teleportation
Potions
 c - a potion of mutation
 d - a potion of flight {unknown}
 h - 3 potions of stabbing {unknown}
 j - 2 potions of curing {unknown}
 k - a potion of haste {unknown}
 l - a potion of heal wounds {unknown}


   Skills:
 * Level 3.4 Dodging
 + Level 3.0 Stealth
 + Level 0.2 Shields
 - Level 3.0 Spellcasting
 * Level 4.9 Conjurations


You had 5 spell levels left.
You knew the following spells:

 Your Spells              Type           Power        Failure   Level
a - Magic Dart            Conj           ####         2%          1
b - Searing Ray           Conj           ####..       4%          2

Your spell library contained the following spells:

 Spells                   Type           Power        Failure   Level
 Dazzling Flash           Conj/Hex       ##....       22%         3
 Fulminant Prism          Conj/Hex       ##........   58%         4
 Iskenderun's Mystic Bla  Conj/Tloc      ##......     58%         4


Dungeon Overview and Level Annotations

Branches:
Dungeon (2/15)

Altars:
Vehumet
The Shining One


Message History

You kill the hobgoblin!
You start resting.
Magic restored.
HP restored.
Found a hand axe.
Found a glowing golden altar of the Shining One.
Things that are here:
a +0 club; a hobgoblin corpse
There is an escape hatch in the floor here.
You see here a hand axe.
Found a stone staircase leading down.
Found a radiant altar of Vehumet.
You now have 87 gold pieces (gained 6).
You now have 104 gold pieces (gained 17).
n - a scroll of teleportation You see here a dagger.
Really walk into a travel-excluded area?
You are engulfed in blazing flames.
Ouch! That really hurt!
You die...

.#############..........#
#.# # ## ###.#.>.#.##.#
#.#### # #...#.###.##.#
#...## #.#..#.##.##.#
###.## #....☼#......#
#.## #.§☼☼..##.#### #.#
###.._..###.# #.#
....☼.§.###.#########.##
###..○°@#........<(.....
#####.#.#.#####.###.## ##
#...).####.#.##†#
....###..#......###.#.##
........###..#(## ##....
###.###..#...##.###.#<##
##...#.###.#.##.#
##...).........#
####.###...##.#


There were no monsters in sight!

Vanquished Creatures
  A worm (D:2)
  2 dart slugs
  A giant cockroach (D:1)
  9 goblins
  7 hobgoblins
  2 kobolds
  2 ball pythons
  5 bats
  2 frilled lizards (D:1)
  3 rats
34 creatures vanquished.

Vanquished Creatures (others)
  A hobgoblin (D:2)
1 creature vanquished.

Grand Total: 35 creatures vanquished

Notes
Turn   | Place    | Note
-------+----------+-------------------------------------------
     0 | D:1      | MrRokkomies the Deep Elf Conjurer began the quest for the
                  | Orb.
     0 | D:1      | Reached XP level 1. HP: 10/10 MP: 6/6
   342 | D:1      | Reached XP level 2. HP: 15/15 MP: 1/8
  1235 | D:2      | Reached XP level 3. HP: 19/19 MP: 2/9
  1239 | D:2      | Learned a level 2 spell: Searing Ray
  1704 | D:2      | Found a glowing golden altar of the Shining One.
  1741 | D:2      | Found a radiant altar of Vehumet.
  1799 | D:2      | Engulfed by a cloud of flame

Illustrated notes

Levels and vault maps discovered:
D:1:      minmay_arrival_glassed_features, layout_basic
D:2:      layout_loops_ring, lemuel_crystal_altar, fiery_altar_vehumet

Skill      XL: |  1  2 |
---------------+-------+-----
Dodging        | 3 |  3.4
Stealth        | 3 |  3.0
Shields        | |  0.2
Spellcasting   | |  3.0
Conjurations   | |  4.9

Action                   || total
-------------------------++-------
Melee: Unarmed           ||     1
       Dagger            ||    15
 Cast: Magic Dart        ||    63
  Use: Scroll            ||     5
 Stab: Sleeping          ||     2
Armor: Robe              ||     4
Dodge: Dodged            ||    12

Table legend: (Time is in decaauts)
 A = Elapsed time spent in this place.
 B = Non-inter-level travel time spent in this place.
 C = Inter-level travel time spent in this place.
 D = Time resting spent in this place.
 E = Time spent auto-exploring this place.
 F = Levels seen in this place.
 G = Mean time per level.
                   A        B        C        D        E       F      G
               +--------+--------+--------+--------+--------+-----+--------+
         Total |   1796 |   1742 |     54 |    301 |   1257 |   2 |  898.0 |
       Dungeon |   1796 |   1742 |     54 |    301 |   1257 |   2 |  898.0 |
               +--------+--------+--------+--------+--------+-----+--------+

Top non-repeatable levels by time:
     D:1: 1195 daAuts
     D:2: 601 daAuts
